 Dungeon Crawl Stone Soup version 0.30-a0-154-gb106f4c828 (webtiles) character file.

Game seed: 6299121353294069032

62671 Decritt the Geomancer (level 15, -14/98 HPs)
             Began as a Gargoyle Earth Elementalist on Sept 27, 2022.
             Was a High Priest of Vehumet.
             Demolished by Donald
             ... wielding a +6 vorpal eveningstar
              (37 damage)
             ... on level 1 of the Shoals.
             The game lasted 01:06:14 (30427 turns).

Decritt the Geomancer (GrEE)                       Turns: 30427, Time: 01:06:14

Health: -14/98     AC: 33    Str: 17    XL:     15   Next: 7%
Magic:  14/28      EV: 17    Int: 21    God:    Vehumet [*****.]
Gold:   583        SH:  5    Dex:  9    Spells: 17/32 levels left

rFire   + . .      SeeInvis +    k - +7 quarterstaff of the Weak God {vorpal, *Corrode rElec rC++ SInv}
rCold   + . .      Faith    .    (shield currently unavailable)
rNeg    + . .      Spirit   .    A - +4 ring mail {rF+}
rPois   ∞          Reflect  +    g - +2 hat
rElec   +          Harm     .    M - +1 cloak
rCorr   .          Rampage  .    o - +1 pair of gloves
Will    +....                    f - +1 pair of boots
Stlth   +.........               e - amulet of Ydeloum {Reflect rPois Regen+ SH+5}
HPRegen 1.06/turn                G - +4 ring of evasion
MPRegen 0.21/turn                j - ring of fire

@: flying
A: sickness immunity, AC +11, big wings, negative energy resistance 1,
electricity resistance, torment resistance 1, petrification resistance,
iridescent scales 1, mutation resistance 1, strong 1, heat vulnerability 1
a: Renounce Religion


You were on level 1 of the Shoals.
You worshipped Vehumet.
Vehumet was extremely pleased with you.
You visited 4 branches of the dungeon, and saw 18 of its levels.

You collected 1383 gold pieces.
You spent 800 gold pieces at shops.

Inventory:

Hand Weapons
 k - the +7 quarterstaff of the Weak God (weapon) {vorpal, *Corrode rElec rC++ SInv}
   (You found it on level 2 of the Dungeon)

   It inflicts extra damage upon your enemies.
   rC:        It greatly protects you from cold.
   rElec:     It insulates you from electricity.
   SInv:      It lets you see invisible.
   *Corrode:  It may corrode you when you take damage.
Missiles
 x - 4 throwing nets
Armour
 f - a +1 pair of boots (worn)
 g - a +2 hat (worn)
 o - a +1 pair of gloves (worn)
 w - a +2 scale mail of cold resistance
 A - a +4 ring mail of fire resistance (worn)
 M - a +1 cloak (worn)
Magical Staves
 i - a staff of conjuration
Jewellery
 d - an amulet of guardian spirit
 e - the amulet of Ydeloum (around neck) {Reflect rPois Regen+ SH+5}
   (You acquired it on level 4 of the Lair of Beasts)

   [amulet of reflection]

   It reflects blocked missile attacks.
   rPois:     It protects you from poison.
   Regen:     It increases your rate of health regeneration.
   SH:        It affects your SH (+5).
 j - a ring of fire (right hand)
 m - a ring of positive energy
 G - a +4 ring of evasion (left hand)
Wands
 s - a wand of iceblast (43)
 y - a wand of flame (34)
Scrolls
 c - 4 scrolls of immolation
 p - a scroll of teleportation
 r - a scroll of butterflies
 t - a scroll of blinking
 E - 3 scrolls of enchant weapon
 I - a scroll of enchant armour
 K - a scroll of poison
 L - 2 scrolls of brand weapon
 O - a scroll of amnesia
Potions
 a - 4 potions of ambrosia
 b - 4 potions of magic
 h - a potion of flight {unknown}
 l - 7 potions of curing
 n - 9 potions of mutation
 q - 2 potions of brilliance
 u - a potion of haste
 v - a potion of heal wounds
 z - 4 potions of might
 C - a potion of degeneration {unknown}
 P - a potion of cancellation {unknown}


   Skills:
 + Level 13.0 Fighting
 - Level 3.0 Staves
 - Level 9.2 Armour
 + Level 10.3 Dodging
 - Level 2.1 Stealth
 - Level 9.0 Spellcasting
 + Level 12.5 Conjurations
 - Level 0.7 Transmutations
 * Level 13.5 Earth Magic


You had 17 spell levels left.
You knew the following spells:

 Your Spells              Type           Power      Damage    Failure   Level
a - Iron Shot             Conj/Erth      29%        9d6       2%          6
b - Stone Arrow           Conj/Erth      100%       3d13      1%          3
c - Lightning Bolt        Conj/Air       17%        1d32      7%          5
d - Sandblast             Erth           100%       2d20      1%          1

Your spell library contained the following spells:

 Spells                   Type           Power      Damage    Failure   Level
 Fireball                 Conj/Fire      26%        3d12      7%          5
 Passwall                 Tmut/Erth      32%        N/A       1%          2
 Flame Wave               Conj/Fire      52%        2d13      2%          4
 Scorch                   Fire           28%        2d6       4%          2
 Petrify                  Tmut/Erth      39%        N/A       6%          4
 Animate Armour           Summ/Erth      74%        N/A       7%          4
 Blink                    Tloc           18%        N/A       17%         2
 Lesser Beckoning         Tloc           9%         N/A       34%         3
 Ozocubu's Armour         Ice            9%         N/A       34%         3
 Tukima's Dance           Hex            9%         N/A       34%         3
 Yara's Violent Unravell  Hex/Tmut       5%         3d4       54%         5
 Manifold Assault         Tloc           9%         N/A       75%         4
 Passage of Golubria      Tloc           9%         N/A       75%         4
 Blade Hands              Tmut           6%         N/A       94%         5
 Metabolic Englaciation   Hex/Ice        4%         N/A       97%         5
 Simulacrum               Ice/Necr       4%         N/A       100%        6
 Summon Cactus Giant      Summ           4%         N/A       100%        6


Dungeon Overview and Level Annotations

Branches:
Dungeon (11/15)            Temple (1/1) D:4            Lair (5/5) D:9
 Shoals (1/4) Lair:2        Snake (0/4) Lair:2        Slime (0/5) Lair:5
    Orc (0/2) D:11

Altars:
Ashenzari
Cheibriados
Dithmenos
Elyvilon
Fedhas
Gozag
Hepliaklqana
Kikubaaqudgha
Makhleb
Nemelex Xobeh
Okawaru
Qazlal
Ru
Sif Muna
Trog
Uskayaw
Vehumet
Wu Jian
Xom
Yredelemnul
Zin
The Shining One
Jiyva

Shops:
D:2 :::   D:7 :![   D:9 !

Annotations:
D:10 3 runed translucent doors, exclusion: obsidian statue, Pingasnik's ghost, journeyman MiBe
Lair:3 Rupert
Lair:4 exclusion: oklob plant
Shoals:1 Donald


Innate Abilities, Weirdness & Mutations

You are immune to sickness and miasma.
Your stone body is resilient. (AC +11)
You are immune to poison.
Your large and strong wings let you fly.
You resist negative energy. (rN+)
You are resistant to electric shocks. (rElec)
You are resistant to unholy torment.
You are immune to petrification.
You are partially covered in iridescent scales. (AC +2)
You are somewhat resistant to further mutation.
Your muscles are strong. (Str +4, Int/Dex -1)
You are vulnerable to heat. (rF-)


Message History

Press: ? - help, Shift-Dir - straight line, f - Donald
Aim: Donald, wielding a +6 vorpal eveningstar, wearing a +4 chain mail of positive energy and wearing a +0 kite shield (fast, 87% to hit)
The stone arrow hits Donald but does no damage.
Donald hits you but does no damage.
Casting: Stone Arrow (safe; 1% risk of failure)
Confirm with . or Enter, or press ? or * to list all spells.
Aiming: Stone Arrow (safe; 1% risk of failure)
Press: ? - help, Shift-Dir - straight line, f/p - Donald
Aim: Donald, wielding a +6 vorpal eveningstar, wearing a +4 chain mail of positive energy and wearing a +0 kite shield (fast, 87% to hit)
Donald blocks the stone arrow.
Donald casts a spell.
Donald seems to grow stronger.
Casting: Stone Arrow (safe; 1% risk of failure)
Confirm with . or Enter, or press ? or * to list all spells.
Aiming: Stone Arrow (safe; 1% risk of failure)
Press: ? - help, Shift-Dir - straight line, f/p - Donald
Aim: Donald, wielding a +6 vorpal eveningstar, wearing a +4 chain mail of positive energy and wearing a +0 kite shield (fast, strong, 87% to hit)
Donald blocks the stone arrow.
Donald hits you with a +6 vorpal eveningstar!!
* * * LOW HITPOINT WARNING * * *
Donald barely misses you.
Casting: Stone Arrow (safe; 1% risk of failure)
Confirm with . or Enter, or press ? or * to list all spells.
Aiming: Stone Arrow (safe; 1% risk of failure)
Press: ? - help, Shift-Dir - straight line, f/p - Donald
Aim: Donald, wielding a +6 vorpal eveningstar, wearing a +4 chain mail of positive energy and wearing a +0 kite shield (fast, strong, 87% to hit)
Donald blocks the stone arrow.
Donald closely misses you.
Casting: Stone Arrow (safe; 1% risk of failure)
Confirm with . or Enter, or press ? or * to list all spells.
Aiming: Stone Arrow (safe; 1% risk of failure)
Press: ? - help, Shift-Dir - straight line, f/p - Donald
Aim: Donald, wielding a +6 vorpal eveningstar, wearing a +4 chain mail of positive energy and wearing a +0 kite shield (fast, strong, 87% to hit)
The stone arrow hits Donald.
Donald is lightly wounded.
Donald says, "My hands hurt, too."
Donald hits you with a +6 vorpal eveningstar!!
* * * LOW HITPOINT WARNING * * *
* * * LOW HITPOINT WARNING * * *
Donald hits you with a +6 vorpal eveningstar!!!
You die...

≈~~P.##≈≈#..## #≈~≈
≈≈~~P≈##≈≈~~.###P~~≈
≈≈≈≈~~≈~##..##~~≈~~~
≈≈≈≈≈~~P~~...)~~P..~~
~~~~~~~~~~...........~~
~~~~~~~~..............~
~~~~~~~~...........#...~
≈≈~~~≈≈~.....(.....##.~~
≈≈≈≈≈≈≈~.@@.........~~~~
≈≈≈P~~≈.>............~~~
≈≈~~~~..............~~~~
≈≈~P......###..~~~~~≈~~~
≈≈~P..#...###...?~~≈≈≈≈~
≈≈P~..#...##...~..~~≈≈≈~


P≈~PP ###.(..~~~~~~~≈≈~~ ~PP ##(..≈~~~~~~≈≈~~ PP ###.(.~~~~~..~≈≈≈≈ You could
see Donald (fast, strong).

Vanquished Creatures
  Gastronok (D:10)
  A stone giant (Lair:2)
  Harold (D:9)
  A catoblepas (Lair:5)
  8 hydras
  2 two-headed ogres
  A deep troll shaman (Lair:5)
  11 death yaks
  Lodul (D:10)
  A sea snake (Shoals:1)
  A lindwurm (Lair:5)
  A harpy (Shoals:1)
  7 cyclopes (Shoals:1)
  An ugly thing (D:11)
  2 manticores (Shoals:1)
  18 elephants
  11 black mambas
  3 torpor snails
  12 cane toads
  5 komodo dragons
  2 unseen horrors
  5 rime drakes
  A troll (D:11)
  A wind drake (Shoals:1)
  A hornet (D:9)
  Prince Ribbit (D:5)
  3 slime creatures (Lair:5)
  13 blink frogs
  A polar bear (Lair:5)
  Sigmund (D:4)
  2 wraiths
  59 yaks
  3 basilisks
  8 wyverns
  A steam dragon (D:10)
  Menkaure (D:5)
  Duvessa (D:7)
  28 water moccasins
  3 orc warriors
  An ice beast (D:8)
  A black bear (Lair:5)
  A sky beast (D:8)
  17 wolves
  11 ogres
  7 centaurs
  4 kobold brigands
  A phantom (D:7)
  Blork the orc (D:5)
  A gnoll sergeant (D:9)
  2 scorpions
  7 bullfrogs
  4 necrophages
  3 wights (D:7)
  Dowan (D:7)
  7 killer bees
  4 electric eels
  A crimson imp (D:4)
  A howler monkey (D:11)
  A jelly (Lair:5)
  5 hounds
  7 orc priests
  A gnoll bouda (D:7)
  Jessica (D:3)
  3 iguanas
  Ijyb (D:5)
  2 hell rats (Lair:2)
  10 orc wizards
  8 gnolls
  13 adders
  8 river rats (Lair:2)
  2 shadow imps
  2 white imps
  2 worms (D:2)
  2 dart slugs (D:5)
  21 orcs
  9 endoplasms
  4 goblins
  4 hobgoblins
  4 jackals
  25 kobolds
  4 quokkas
  3 ball pythons
  7 bats
  4 frilled lizards
  2 rats
  A butterfly (Lair:5)
455 creatures vanquished.

Vanquished Creatures (others)
  29 fungi
  108 plants
137 creatures vanquished.

Grand Total: 592 creatures vanquished

Notes
Turn   | Place    | Note
-------+----------+-------------------------------------------
     0 | D:1      | Decritt the Gargoyle Earth Elementalist began the quest for
                  | the Orb.
     0 | D:1      | Reached XP level 1. HP: 10/10 MP: 3/3
   226 | D:1      | Found a faded altar of an unknown god.
   510 | D:1      | Reached XP level 2. HP: 16/16 MP: 3/5
  1004 | D:2      | Reached skill level 1 in Fighting
  1004 | D:2      | Reached skill level 1 in Armour
  1004 | D:2      | Reached skill level 1 in Conjurations
  1004 | D:2      | Reached XP level 3. HP: 20/20 MP: 4/6
  1022 | D:2      | Found Jiedu's Book Shoppe.
  1168 | D:2      | Found Fusomio's Book Boutique.
  1175 | D:2      | Identified the +7 quarterstaff of the Weak God {vorpal,
                  | *Corrode rElec rC++ SInv}
  1264 | D:2      | Found a shimmering altar of Xom.
  1287 | D:2      | Found Gewot's Book Shoppe.
  1601 | D:2      | Reached XP level 4. HP: 25/25 MP: 5/7
  2911 | D:3      | Noticed Jessica
  3312 | D:3      | Killed Jessica
  3313 | D:3      | Reached XP level 5. HP: 30/30 MP: 5/9
  3571 | D:4      | Reached XP level 6. HP: 35/35 MP: 5/10
  3899 | D:4      | Found a staircase to the Ecumenical Temple.
  3915 | Temple   | Entered the Ecumenical Temple
  4289 | D:4      | Found an ornate altar of the Wu Jian Council.
  4390 | D:4      | Noticed Sigmund
  4425 | D:4      | Gained mutation: Your muscles are strong. (Str +4, Int/Dex
                  | -1) [potion of mutation]
  4425 | D:4      | Gained mutation: You are partially covered in iridescent
                  | scales. (AC +2) [potion of mutation]
  4425 | D:4      | Gained mutation: You are vulnerable to heat. (rF-) [potion
                  | of mutation]
  4425 | D:4      | Gained mutation: You are somewhat resistant to further
                  | mutation. [potion of mutation]
  4435 | D:4      | Found a hazy altar of Hepliaklqana.
  4435 | D:4      | Found a faded altar of an unknown god.
  4440 | D:4      | Killed Sigmund
  4441 | D:4      | Reached XP level 7. HP: 34/40 MP: 8/12
  4800 | D:4      | Reached skill level 5 in Earth Magic
  4860 | D:5      | Entered Level 5 of the Dungeon
  4871 | D:5      | Noticed Prince Ribbit
  4882 | D:5      | Killed Prince Ribbit
  5192 | D:5      | Reached XP level 8. HP: 32/48 MP: 9/13
  5412 | D:5      | Noticed Blork the orc
  5421 | D:5      | Killed Blork the orc
  5519 | D:5      | Learned a level 3 spell: Stone Arrow
  5538 | D:5      | Noticed Ijyb
  5555 | D:5      | Killed Ijyb
  6364 | D:5      | Noticed Menkaure
  6368 | D:5      | Killed Menkaure
  6816 | D:6      | Found a sacrificial altar of Ru.
  6899 | D:6      | Found a radiant altar of Vehumet.
  6921 | D:6      | Became a worshipper of Vehumet
  7045 | D:6      | Reached XP level 9. HP: 47/53 MP: 15/15
  7257 | D:6      | Reached skill level 5 in Fighting
  7402 | D:7      | Noticed Duvessa
  7408 | D:7      | Killed Duvessa
  7408 | D:7      | Noticed Dowan
  7409 | D:7      | Reached skill level 5 in Armour
  7409 | D:7      | Reached skill level 5 in Conjurations
  7415 | D:7      | Killed Dowan
  7807 | D:6      | Reached skill level 5 in Spellcasting
  8244 | D:7      | Found Wasyvuog's Distillery.
  8252 | D:7      | Bought a potion of heal wounds for 55 gold pieces
  8252 | D:7      | Bought a potion of curing for 33 gold pieces
  8347 | D:7      | Found Pemmae's Book Shoppe.
  8782 | D:7      | Found Onanuote's Armour Boutique.
  8784 | D:7      | Bought a +1 ring mail of fire resistance for 208 gold
                  | pieces
  9181 | D:8      | Reached * piety under Vehumet
  9181 | D:8      | Offered knowledge of Freeze by Vehumet.
  9338 | D:8      | Noticed a two-headed ogre
  9345 | D:8      | Reached XP level 10. HP: 58/60 MP: 12/18
  9364 | D:8      | Killed a two-headed ogre
  9365 | D:8      | Reached skill level 5 in Dodging
  9532 | D:8      | Noticed an unseen horror
  9537 | D:8      | Killed an unseen horror
 10651 | D:9      | Reached skill level 1 in Staves
 10878 | D:9      | Found a staircase to the Lair.
 10906 | D:9      | Noticed Harold
 11184 | D:9      | Killed Harold
 11185 | D:9      | Reached XP level 11. HP: 38/67 MP: 17/20
 11409 | D:9      | Found Pararur's Distillery.
 12099 | D:9      | Found a snail-covered altar of Cheibriados.
 12099 | D:9      | Found a blossoming altar of Fedhas.
 12103 | D:9      | Reached ** piety under Vehumet
 12266 | D:10     | Entered Level 10 of the Dungeon
 12266 | D:10     | Noticed an obsidian statue
 12266 | D:10     | Noticed Lodul
 12266 | D:10     | Found a runed translucent gate.
 12266 | D:10     | Found a runed translucent gate.
 12266 | D:10     | Found an opulent altar of Gozag.
 12266 | D:10     | Found a runed translucent gate.
 12267 | D:10     | Noticed a deep elf zephyrmancer
 12273 | D:9      | Offered knowledge of Foxfire by Vehumet.
 13337 | D:10     | Noticed Gastronok
 13577 | D:10     | Noticed Pingasnik's ghost (journeyman MiBe)
 13577 | D:10     | Noticed a centaur warrior
 14125 | D:10     | Noticed a two-headed ogre
 14365 | D:9      | Killed a two-headed ogre
 14588 | D:10     | Killed Lodul
 15242 | D:10     | Killed Gastronok
 16133 | D:10     | Reached XP level 12. HP: 45/76 MP: 6/21
 17412 | D:11     | Found a staircase to the Orcish Mines.
 17515 | Lair:1   | Entered Level 1 of the Lair of Beasts
 17828 | Lair:1   | Noticed a death yak
 17828 | Lair:1   | Noticed a death yak
 17830 | Lair:1   | Noticed a death yak
 17832 | Lair:1   | Noticed a death yak
 17842 | Lair:1   | Found a gate leading to a gauntlet.
 17884 | D:9      | Killed a death yak
 17973 | D:9      | Killed a death yak
 17973 | D:9      | Offered knowledge of Kindle Blastsparks by Vehumet.
 18166 | D:9      | Killed a death yak
 18296 | Lair:1   | Killed a death yak
 18774 | Lair:1   | Reached *** piety under Vehumet
 18894 | Lair:1   | Reached skill level 10 in Fighting
 18956 | Lair:1   | Noticed a six-headed hydra
 18963 | Lair:1   | Killed a six-headed hydra
 19182 | Lair:1   | Identified the +1 robe "Rerrymedgh" {Fly Str+4 Dex+3
                  | Stlth+}
 19248 | Lair:1   | Reached skill level 10 in Earth Magic
 19472 | Lair:2   | Noticed a four-headed hydra
 19476 | Lair:2   | Killed a four-headed hydra
 19648 | Lair:2   | Found a staircase to the Shoals.
 20018 | Lair:2   | Noticed a four-headed hydra
 20043 | Lair:2   | Killed a four-headed hydra
 20150 | Lair:2   | Reached XP level 13. HP: 83/83 MP: 14/23
 20185 | Lair:2   | Offered knowledge of Hailstorm by Vehumet.
 20336 | Lair:2   | Found a staircase to the Snake Pit.
 20438 | Lair:2   | Reached skill level 10 in Conjurations
 21536 | Lair:3   | Reached **** piety under Vehumet
 21761 | Lair:3   | Offered knowledge of Lightning Bolt by Vehumet.
 21856 | Lair:3   | Learned a level 5 spell: Lightning Bolt
 24277 | Lair:4   | Noticed Rupert
 24280 | Lair:4   | Paralysed by Rupert for 3 turns
 24283 | Lair:4   | Identified a scroll of acquirement
 24283 | Lair:4   | Acquired the amulet of Ydeloum {Reflect rPois Regen+ SH+5}
 24310 | Lair:3   | Paralysed by Rupert for 5 turns
 24711 | Lair:4   | Reached ***** piety under Vehumet
 24728 | Lair:4   | Gained mutation: Your large and strong wings let you fly.
                  | [Gargoyle growth]
 24728 | Lair:4   | Reached XP level 14. HP: 84/90 MP: 4/26
 25333 | Lair:4   | Offered knowledge of Fireball by Vehumet.
 25672 | Lair:5   | Entered Level 5 of the Lair of Beasts
 28317 | Lair:5   | Found a viscous altar of Jiyva.
 28319 | Lair:5   | Found a staircase to the Slime Pits.
 28447 | Lair:5   | Reached skill level 10 in Dodging
 29268 | D:2      | Bought a book of Iron for 504 gold pieces
 29277 | D:2      | Learned a level 6 spell: Iron Shot
 29439 | Shoals:1 | Entered Level 1 of the Shoals
 29910 | Shoals:1 | Reached XP level 15. HP: 97/97 MP: 5/28
 30419 | Shoals:1 | Noticed Donald
 30427 | Shoals:1 | Demolished by Donald

Illustrated notes

Levels and vault maps discovered:
D:1:      nzn_arrival_water_spiral, layout_loops_ring,
          hellmonk_ecumenical_altar_blasted, serial_bayou_ford_a
D:2:      layout_basic, basic_altar, serial_shops,
          nicolae_shop_advertising_works [nicolae_subvault_shop_adworks],
          nicolae_shop_behind_doors, shop, minmay_fountain_box
D:3:      layout_loops_ring, serial_co_window_serial, co_window_cross_1,
          co_window_corner_a, co_window_corner_a, co_window_of_opportunity_a,
          co_window_of_opportunity_a, co_window_of_opportunity_a,
          co_window_broadway_a, co_window_broadway_a, co_window_cross_4,
          co_window_4corner_b, glass_columns_b, glass_columns_a,
          glass_columns_b, glass_columns_b, hangedman_decor_peaks_small,
          kennysheep_another_room, uniq_jessica
D:4:      layout_loops_ring, beargit_hepliaklqana_dungeon_heroes,
          nzn_wu_jian_council_hall, minmay_temple_entry_ruins,
          minmay_fire_ice_demons
D:5:      layout_gridville, uniq_prince_ribbit1, uniq_menkaure, uniq_ijyb,
          uniq_blork_the_orc
D:6:      layout_cave_pods, nicolae_ru_sacrificial_ziggurat,
          amcnicky_altar_gilded, minivault_25
D:7:      layout_loops_cross, serial_shops, shop, nicolae_shop_crystal,
          nicolae_shop_competitors_out_of_business, uniq_duvessa
D:8:      layout_basic
D:9:      layout_long_grid, nicolae_overflow_two_pavilions,
          minmay_lair_entry_grove, serial_shops, shop, uniq_harold
D:10:     layout_long_grid, ebering_ghost_gozag, serial_park_tiny_2,
          uniq_gastronok, uniq_lodul
D:11:     layout_long_grid, orc_0_dummy
Temple:   nicolae_temple_bog_church
Lair:1:   cheibrodos_lair_river_kwai, layout_regular_city,
          gauntlet_entry_generic, infiniplex_staircase_pool
Lair:2:   wander_river, layout_layer_cave, shoals_dummy_entry,
          minmay_snake_entry_six_corridors, kennysheep_rathole
Lair:3:   layout_hall_layers, nicolae_lair_grazing_beasts
          [nicolae_sub_lair_graze_edge, nicolae_sub_lair_graze_edge,
          nicolae_sub_lair_graze_edge, nicolae_sub_lair_graze_edge],
          lemuel_fruit_fields
Lair:4:   dpeg_oklob_shooting_range, layout_regular_city, serial_bayou,
          serial_bayou_shore_b, serial_bayou_shore_b, serial_bayou_pond_e,
          serial_bayou_lake_a, minmay_lair_oklob_bushes, uniq_rupert
Lair:5:   grunt_lair_end_beastmaster, layout_layer_cave,
          minmay_slime_entry_pillars, lemuel_fruit_fields
Shoals:1: layout_shoals, st_shoals_ruin, uniq_donald

Skill      XL: |  1  2  3  4  5  6  7  8  9 10 11 12 13 14 15 |
---------------+----------------------------------------------+-----
Fighting       | 1 2 3 4 6 7 9 10 11 12 13 | 13.0
Armour         | 1 2 3 4 5 7 9 |  9.2
Conjurations   | 1 2 3 4 5 6 8 9 11 12 | 12.5
Dodging        | 2 3 4 5 7 8 9 10 | 10.3
Earth Magic    | 4 5 6 7 8 9 10 11 13 | 13.5
Spellcasting   | 3 4 5 6 7 8 9 |  9.0
Staves         | 2 3 |  3.0
Stealth        | |  2.1
Transmutations | |  0.7

Action                   |  1- 3 |  4- 6 |  7- 9 | 10-12 | 13-15 || total
-------------------------+-------+-------+-------+-------+-------++-------
Melee: Unarmed           |    11 |       |       |       |       ||    11
       Staff             |    10 |    11 |       |       |       ||    21
       Punch             |     1 |       |       |       |       ||     1
       Quarterstaff      |       |     7 |    67 |   190 |   310 ||   574
 Cast: Sandblast         |    37 |    62 |   146 |    15 |   119 ||   379
       Stone Arrow       |       |       |    20 |   293 |   310 ||   623
       Lightning Bolt    |       |       |       |       |     2 ||     2
       Iron Shot         |       |       |       |       |    16 ||    16
  Use: Scroll            |       |     9 |     7 |     8 |     5 ||    29
       Potion            |       |     1 |       |     4 |     6 ||    11
 Stab: Sleeping          |       |     1 |       |       |       ||     1
Armor: Leather armour    |    15 |    23 |     8 |       |       ||    46
       Robe              |     1 |       |       |       |       ||     1
       Ring mail         |       |       |    87 |   285 |   476 ||   848
Dodge: Dodged            |    33 |    26 |   104 |   388 |   679 ||  1230
Block: Other             |       |       |       |       |   109 ||   109
       Reflection        |       |       |       |       |     2 ||     2

Table legend: (Time is in decaauts)
 A = Elapsed time spent in this place.
 B = Non-inter-level travel time spent in this place.
 C = Inter-level travel time spent in this place.
 D = Time resting spent in this place.
 E = Time spent auto-exploring this place.
 F = Levels seen in this place.
 G = Mean time per level.
                   A        B        C        D        E       F      G
               +--------+--------+--------+--------+--------+-----+--------+
         Total |  30878 |  29708 |   1170 |  11123 |  14115 |  18 | 1715.4 |
       Dungeon |  18162 |  17477 |    685 |   6545 |   8523 |  11 | 1651.1 |
        Temple |    216 |    199 |     17 |      0 |    183 |   1 |  216.0 |
          Lair |  11721 |  11255 |    466 |   3978 |   5400 |   5 | 2344.2 |
        Shoals |    777 |    777 |      0 |    600 |      8 |   1 |  777.0 |
               +--------+--------+--------+--------+--------+-----+--------+

Top non-repeatable levels by time:
     D:9: 3091 daAuts
  Lair:5: 2959 daAuts
  Lair:2: 2910 daAuts
    D:10: 2805 daAuts
  Lair:4: 2280 daAuts
  Lair:3: 1951 daAuts
     D:8: 1932 daAuts
     D:5: 1770 daAuts
  Lair:1: 1619 daAuts
     D:3: 1435 daAuts
    D:11: 1360 daAuts
     D:6: 1205 daAuts
     D:4: 1193 daAuts
     D:2: 1189 daAuts
     D:7: 1178 daAuts
